 Dungeon Crawl Stone Soup version 0.23.2-11-gf996548c65 (webtiles) character file.

Game seed: 16045910826348905586

82 MalarOregon the Ruffian (level 4, -3/40 HPs)
             Began as a Ghoul Monk on June 5, 2019.
             Slain by a gnoll
             ... wielding a +0 spear
              (11 damage)
             ... on level 2 of the Dungeon.
             The game lasted 00:03:10 (1465 turns).

MalarOregon the Ruffian (Ghoul Monk)                Turns: 1465, Time: 00:03:11

Health: -3/40      AC:  2    Str: 14    XL:     4   Next: 43%
Magic:  3/3        EV: 13    Int:  5    God:
Gold:   109        SH:  0    Dex: 12    Spells: 3/3 levels left

rFire    . . .     SeeInvis .     - Unarmed
rCold    + . .     Gourm    .   (no shield)
rNeg     + + +     Faith    .   a - +0 robe
rPois    ∞         Spirit   .   (no helmet)
rElec    .         Reflect  .   (no cloak)
rCorr    .         Harm     .   (no gloves)
MR       .....                  (no boots)
Stlth    ++........             g - amulet of inaccuracy (curse)
HPRegen  0.00/turn              (no ring)
MPRegen  0.08/turn              (no ring)

@: rotting
A: rotting body, claws 1, carnivore, cold resistance 1, negative energy
resistance 3, inhibited regeneration, torment resistance, unbreathing
a: no special abilities


You were on level 2 of the Dungeon.
You were not hungry.

You visited 1 branch of the dungeon, and saw 2 of its levels.

You collected 109 gold pieces.

Inventory:

Hand Weapons
 s - a +2 whip of venom
   (You took it off a kobold on level 2 of the Dungeon)
Armour
 a - a +0 robe (worn)
Jewellery
 g - a cursed amulet of inaccuracy (around neck)
   (You found it on level 2 of the Dungeon)
Scrolls
 c - 2 scrolls of identify {@r1}
 i - 2 scrolls of teleportation {@r4}
 k - a scroll of enchant weapon
 r - a scroll of fog
Potions
 b - a potion of flight
 f - a potion of invisibility
 h - a potion of cancellation {unknown}
 j - a potion of curing {@q1}
Comestibles
 e - 3 rations {!d}


   Skills:
 + Level 3.9 Fighting
 - Level 3.0 Dodging
 + Level 3.1 Stealth
 * Level 4.4 Unarmed Combat


You had 3 spell levels left.
You didn't know any spells.
Your spell library was empty.

Dungeon Overview and Level Annotations

Branches:
Dungeon (2/15)

Altars:


Innate Abilities, Weirdness & Mutations

Your body is rotting away.
You thrive on raw meat.
You are immune to poison.
You have sharp fingernails.
You are carnivorous and can eat meat at any time.
Your flesh is cold resistant. (rC+)
You are immune to negative energy. (rN+++)
You do not regenerate when monsters are visible.
You are immune to unholy pain and torment.
You can survive without breathing.


Message History

You claw the gnoll! The gnoll hits you with a +0 halberd.
* * * LOW HITPOINT WARNING * * *
The gnoll completely misses you.
You scratch the gnoll. The gnoll closely misses you. x2
You completely miss the gnoll. The gnoll barely misses you.
You scratch the gnoll. The gnoll barely misses you. x2
You scratch the gnoll.
You kill the gnoll!
You scratch the gnoll. The gnoll hits you with a +0 spear.
* * * LOW HITPOINT WARNING * * *
You closely miss the gnoll. The gnoll completely misses you.
You scratch the gnoll. The gnoll completely misses you.
You scratch the gnoll.
You kill the gnoll!
You start resting.
Some of the chunks of flesh in your inventory have rotted away. x2
You feel your flesh rotting away.
Eating a chunk of flesh.
You eat the chunk of flesh.
You feel more resilient.
This raw flesh tastes great!
You see here a +0 spear.
There is an escape hatch in the floor here.
Really go through this one-way escape hatch?
You slide downwards.
The hatch slams shut behind you.
Found a ring mail.
A hobgoblin comes into view. It is wielding a +0 club.
The hobgoblin shouts!
You claw the hobgoblin!
You kill the hobgoblin!
c - 2 scrolls of identify {@r1} (gained 1)
You now have 109 gold pieces (gained 12).
Things that are here:
a +0 club; a +0 leather armour
There is an open door here.
You open the door.
There is an open door here.
A gnoll comes into view. It is wielding a +0 spear.
You scratch the gnoll. The gnoll hits you with a +0 spear.
You scratch the gnoll. The gnoll closely misses you.
You scratch the gnoll. The gnoll hits you with a +0 spear!
You scratch the gnoll. The gnoll barely misses you.
You closely miss the gnoll. The gnoll hits you with a +0 spear!
* * * LOW HITPOINT WARNING * * *
You scratch the gnoll but do no damage. The gnoll closely misses you.
You scratch the gnoll but do no damage. The gnoll hits you but does no damage.
You closely miss the gnoll. The gnoll hits you with a +0 spear.
* * * LOW HITPOINT WARNING * * *
You miss the gnoll. The gnoll hits you with a +0 spear.
* * * LOW HITPOINT WARNING * * *
You closely miss the gnoll. The gnoll hits you with a +0 spear!
You die...

#......>#.......# #...#.
#.#####.#.#####<#####...#. #.#
#.#........##....[..
########.#####.#.###......)......
#...........##.#.###.#..##.......
#.######.##.##.#....>....###.....
..# #.##.##.#.........# #.....
..# #.##.##.#.###.###.# ####..
### #.......g@# #..##.# ##.
##.#.###..# ##.##.# #. ****.#.*
#..# #.##.# #. # *,,,...*
#..####.##.# ##' ##
*,**.##**#..........# ##.. .##
*,,g.,,,,#.#####.#### ##... ..##
*,..,,,,...# #..## ##....
...#**...,**#.#######...####..<..
...+,,..,..................'.....


You could see a gnoll.

Vanquished Creatures
  2 gnolls (D:1)
  2 adders (D:2)
  An ooze (D:1)
  3 worms (D:2)
  2 dart slugs (D:1)
  2 leopard geckos (D:2)
  A ball python (D:2)
  A giant cockroach (D:1)
  3 goblins
  4 hobgoblins
  A frilled lizard (D:1)
  5 kobolds
  3 rats (D:1)
30 creatures vanquished.

Notes
Turn   | Place    | Note
-------+----------+-------------------------------------------
     0 | D:1      | MalarOregon the Ghoul Monk began the quest for the Orb.
     0 | D:1      | Reached XP level 1. HP: 19/19 MP: 0/0
    68 | D:1      | Reached XP level 2. HP: 19/26 MP: 1/1
   632 | D:2      | Reached XP level 3. HP: 31/31 MP: 2/2
   719 | D:2      | Reached skill level 4 in Unarmed Combat
   966 | D:2      | Reached XP level 4. HP: 39/40 MP: 3/3
  1465 | D:2      | Slain by a gnoll

Skill      XL: |  1  2  3 |
---------------+----------+-----
Dodging        | 3 |  3.0
Unarmed Combat | 4 |  4.4
Stealth        | 3 |  3.1
Fighting       | |  3.9

Action                   |  1- 3 |  4- 6 || total
-------------------------+-------+-------++-------
Melee: Unarmed           |   114 |    23 ||   137
       Punch             |     3 |       ||     3
  Use: Scroll            |    10 |       ||    10
       Potion            |     4 |       ||     4
 Stab: Sleeping          |     4 |       ||     4
       Invisible         |     4 |       ||     4
  Eat: Chunk             |     8 |     1 ||     9
Armor: Robe              |     6 |     1 ||     7
Dodge: Dodged            |    68 |    15 ||    83
